AoeStats
← zamithdaniel

Black Forest

507568397Analyzed
4v4 RM · 15d ago on Sep 18, 2026· 54m 30s· 8 players
Game mode
Random Map
Map size
Large (8 player)
Population
200
Speed
Normal
Resources
Standard
Victory
Conquest
Starting age
Dark Age
Ending age
Imperial Age
RankedLock teamsTeams togetherTeam positionsShared explorationLock speedFull tech treeHidden civsTurbo modeCheats
Victory
Defeat
🇨🇴 Turks · Colombia
954
+15
🇺🇸 Mongols · United States
935
+16
🇩🇪 Byzantines · Germany
926
+16
🇩🇪 Bengalis · Germany
916
+17
🇬🇧 Byzantines · United Kingdom
963
-17
🇲🇽 Gurjaras · Mexico
963
-17
🇷🇴 Slavs · Romania
922
-16
🇬🇧 Turks · United Kingdom
891
-14
b1200
1:25 Loom
14:21 Feudal Age
14:59 Double-Bit Axe
17:07 Wheelbarrow
17:14 Fishing Lines
21:07 Castle Age
21:39 Bloodlines
21:41 Forging
21:36 Scale Barding Armor
21:48 Gillnets
22:21 Bow Saw
24:43 Iron Casting
24:28 Chain Barding Armor
24:13 Gold Mining
24:19 Town Watch
26:33 Hand Cart
31:44 Gold Shaft Mining
31:27 Caravan
32:15 Husbandry
32:38 Chain Barding Armor
34:52 Imperial Age
32:33 Light Cavalry
35:37 Masonry
36:54 Blast Furnace
36:29 Plate Barding Armor
38:38 Two-Man Saw
38:43 Architecture
38:49 Elite Battle Elephant
41:22 Conscription
41:18 Paiks
44:52 Siege Elephant
Guppy
1:54 Loom
13:51 Feudal Age
14:19 Horse Collar
14:33 Double-Bit Axe
16:18 Fishing Lines
18:37 Wheelbarrow
20:16 Castle Age
20:24 Stone Mining
20:30 Gold Mining
22:06 Gillnets
25:29 Hand Cart
26:49 Stone Shaft Mining
26:54 Gold Shaft Mining
26:13 Treadmill Crane
27:05 Fortified Wall
27:49 Gold Shaft Mining
28:30 Caravan
33:13 Imperial Age
32:42 Scale Barding Armor
32:47 Forging
32:28 Fletching
33:01 Ballistics
34:14 Heavy Plow
34:27 Bow Saw
34:53 Conscription
33:54 Elite Cataphract
34:45 Logistica
35:22 Chain Barding Armor
35:37 Iron Casting
34:59 Bodkin Arrow
36:06 Hoardings
35:46 Husbandry
38:20 Chemistry
37:59 Plate Barding Armor
38:59 Two-Man Saw
38:30 Crop Rotation
37:53 Loom
39:49 Bracer
44:27 Padded Archer Armor
44:27 Scale Mail Armor
55:06 Devotion
tommy bobbins
11:36 Feudal Age
15:35 Castle Age
14:00 Double-Bit Axe
14:36 Horse Collar
21:11 Stone Mining
22:46 Wheelbarrow
23:37 Gold Mining
24:24 Stone Shaft Mining
24:59 Fletching
26:41 Bow Saw
26:34 Heavy Plow
26:35 Bodkin Arrow
28:59 Ballistics
29:24 Murder Holes
29:45 Caravan
31:17 Hand Cart
31:36 Loom
35:15 Imperial Age
33:19 Padded Archer Armor
33:27 Scale Barding Armor
34:58 Thumb Ring
34:55 Husbandry
35:05 Bloodlines
36:02 Bracer
36:18 Leather Archer Armor
35:38 Elite Mangudai
36:41 Conscription
38:42 Chemistry
39:58 Parthian Tactics
39:59 Chain Barding Armor
39:50 Forging
42:39 Light Cavalry
44:06 Iron Casting
44:06 Hussar
46:06 Siege Engineers
47:08 Blast Furnace
zamithdaniel
10:41 Feudal Age
11:13 Double-Bit Axe
11:15 Horse Collar
17:41 Castle Age
24:49 Gold Mining
24:52 Stone Mining
30:03 Heavy Plow
32:43 Imperial Age
32:18 Bow Saw
32:09 Loom
33:00 Wheelbarrow
32:10 Town Watch
32:52 Bloodlines
32:44 Husbandry
32:50 Padded Archer Armor
33:02 Forging
32:58 Scale Barding Armor
34:10 Gold Shaft Mining
34:28 Conscription
34:10 Artillery
35:07 Hand Cart
36:17 Elite Janissary
37:29 Leather Archer Armor
37:50 Iron Casting
37:37 Chain Barding Armor
41:08 Ring Archer Armor
41:39 Blast Furnace
41:15 Plate Barding Armor
46:29 Ballistics
50:09 Fletching
50:19 Scale Mail Armor
50:21 Murder Holes
50:37 Fortified Wall
50:21 Guard Tower
50:52 Bombard Tower
50:23 Arrowslits
50:42 Devotion
50:56 Fervor
51:08 Sanctity
51:25 Theocracy
51:12 Heresy
50:59 Caravan
51:30 Coinage
51:11 Guilds
52:18 Two-Man Saw
53:23 Cavalier
53:28 Heavy Camel Rider
54:12 Town Patrol
55:01 Banking
Kaizoku Oh
0:26 Loom
15:10 Feudal Age
22:30 Castle Age
21:35 Double-Bit Axe
21:41 Horse Collar
22:29 Fletching
22:39 Padded Archer Armor
23:11 Heavy Plow
23:45 Bow Saw
25:48 Bodkin Arrow
27:39 Leather Archer Armor
28:23 Wheelbarrow
31:35 Gold Mining
32:45 Hand Cart
31:59 Elite Skirmisher
33:06 Thumb Ring
37:17 Gold Shaft Mining
39:29 Imperial Age
38:11 Fortified Wall
38:19 Husbandry
38:48 Stone Mining
39:52 Ballistics
39:14 Treadmill Crane
39:17 Light Cavalry
41:03 Ring Archer Armor
40:34 Bracer
40:45 Forging
40:41 Scale Barding Armor
41:40 Chemistry
40:36 Murder Holes
41:54 Crop Rotation
42:37 Two-Man Saw
43:04 Stone Shaft Mining
41:57 Crossbowman
43:00 Conscription
42:51 Logistica
42:48 Greek Fire
43:24 Hoardings
42:14 Pikeman
42:54 Squires
43:03 Scale Mail Armor
44:00 Halberdier
44:15 Elite Cataphract
45:52 Caravan
46:05 Guilds
46:26 Coinage
47:20 Chain Mail Armor
48:37 Arbalester
51:59 Iron Casting
51:45 Chain Barding Armor
51:56 Plate Mail Armor
52:23 Block Printing
52:37 Illumination
53:01 Theocracy
52:47 Sanctity
Leszko1
0:27 Loom
15:55 Feudal Age
20:38 Castle Age
21:20 Double-Bit Axe
21:18 Horse Collar
23:37 Wheelbarrow
26:15 Bow Saw
33:48 Hand Cart
33:18 Town Watch
36:30 Husbandry
36:40 Bloodlines
37:04 Heavy Plow
42:10 Imperial Age
Veni Vidi Avicii 2
2:31 Loom
13:40 Feudal Age
14:41 Horse Collar
14:54 Double-Bit Axe
16:28 Wheelbarrow
20:40 Gold Mining
23:22 Castle Age
21:11 Town Watch
21:19 Stone Mining
25:28 Heavy Plow
25:40 Bow Saw
29:47 Hand Cart
32:30 Detinets
33:12 Gold Shaft Mining
36:03 Imperial Age
35:02 Scale Mail Armor
35:12 Forging
35:08 Scale Barding Armor
35:06 Husbandry
35:16 Bloodlines
35:10 Squires
36:42 Murder Holes
37:49 Two-Man Saw
37:20 Crop Rotation
37:44 Town Patrol
39:09 Iron Casting
38:49 Chain Mail Armor
38:54 Chain Barding Armor
38:35 Padded Archer Armor
38:25 Fletching
38:00 Man-at-Arms
38:00 Pikeman
38:04 Light Cavalry
38:49 Onager
39:17 Hussar
39:21 Long Swordsman
39:21 Halberdier
40:57 Coinage
40:41 Siege Engineers
40:57 Ballistics
41:39 Chemistry
41:22 Conscription
41:03 Druzhina
40:34 Sappers
41:40 Hoardings
42:32 Blast Furnace
42:02 Plate Mail Armor
40:55 Two-Handed Swordsman
42:34 Banking
46:50 Cavalier
quiquito45
0:42 Loom
11:34 Feudal Age
11:53 Feudal Age
13:31 Double-Bit Axe
15:45 Wheelbarrow
17:46 Castle Age
19:34 Hand Cart
19:34 Bow Saw
19:05 Horse Collar
19:18 Gold Mining
21:28 Heavy Plow
22:24 Town Watch
27:12 Gold Shaft Mining
28:58 Stone Mining
31:44 Imperial Age
30:04 Fletching
30:14 Padded Archer Armor
30:25 Forging
31:39 Caravan
32:36 Ballistics
32:12 Murder Holes
33:42 Town Patrol
33:51 Scale Barding Armor
34:22 Iron Casting
34:03 Leather Archer Armor
33:48 Scale Mail Armor
33:26 Elite Skirmisher
34:56 Thumb Ring
34:52 Bodkin Arrow
35:23 Conscription
38:14 Stone Shaft Mining
37:49 Kshatriyas
38:41 Bracer
39:02 Chain Barding Armor
38:57 Chain Mail Armor
40:04 Elite Elephant Archer
42:17 Plate Mail Armor
42:22 Plate Barding Armor
41:11 Crossbowman
42:23 Heavy Camel Rider
43:04 Husbandry
43:15 Bloodlines
44:07 Chemistry
Connection lost

Rejoining the realm…

Still unreachable

The connection could not be restored.

Session expired

The server has moved on; the page needs a fresh start.